General information
- name: BNet
- type: Ladder team game (AT/RT)
- host: Battle.net
- saver: Nigersaurus
map: Avalanche
- players: 4
- length: 61:21
- speed: Fast
- version: 1.21 W3XP
- replay type: Public
» download(357 KB)
Players
team 1 (winner)
MrFrosty (
red | 88 APM | 5424 actions | 61:19)
7 Archmage
3 Blizzard
3 Brilliance Aura
1 Mass Teleport
7 Mountain King
3 Storm Bolt
3 Bash
1 Avatar
6 Paladin
3 Holy Light
3 Divine Shield
» actions
| Assign group hotkey | 26 | |
| Basic commands | 242 | |
| Build / train | 137 | |
| ESC pressed | 1 | |
| Enter build submenu | 59 | |
| Enter hero's abilities submenu | 20 | |
| Give item / drop item | 5 | |
| Right click | 2620 | |
| Select / deselect | 950 | |
| Select group hotkey | 939 | |
| Use ability | 423 | |
5424 total
» units
| Peasant | 23 | |
| Priest | 4 | |
| Sorceress | 5 | |
| Dragonhawk Rider | 4 | |
36 total
» upgrades
| Masonry | 3 | |
| Lumber Harvesting | 2 | |
| Magic Sentry | 1 | |
| Sorceress Training | 2 | |
| Priest Training | 2 | |
| Animal War Training | 1 | |
| Armor | 3 | |
| Swords | 2 | |
| Cloud | 1 | |
17 total
» buildings
| Altar of Kings | 1 | |
| Scout Tower | 73 | |
| Farm | 6 | |
| Arcane Tower | 10 | |
| Lumber Mill | 1 | |
| Guard Tower | 30 | |
| Town Hall | 1 | |
| Keep | 1 | |
| Arcane Sanctum | 1 | |
| Castle | 1 | |
| Arcane Vault | 1 | |
| Gryphon Aviary | 1 | |
| Barracks | 1 | |
| Blacksmith | 1 | |
129 total
» build order
00:07 Altar of Kings
00:21 Scout Tower
00:35 Farm
00:47 Arcane Tower
00:56 Lumber Mill
01:09 Farm
01:34 Scout Tower
02:00 Scout Tower
02:13 Guard Tower
02:42 Guard Tower
02:44 Scout Tower
02:57 Farm
04:25 Guard Tower
04:55 Scout Tower
05:15 Scout Tower
05:26 Arcane Tower
05:28 Scout Tower
06:01 Guard Tower
06:02 Guard Tower
06:54 Scout Tower
07:08 Scout Tower
07:21 Scout Tower
07:22 Scout Tower
07:22 Scout Tower
07:26 Town Hall
07:27 Guard Tower
07:36 Guard Tower
07:38 Scout Tower
07:39 Scout Tower
07:49 Arcane Tower
07:51 Guard Tower
07:58 Scout Tower
07:59 Scout Tower
08:24 Arcane Tower
08:27 Guard Tower
08:28 Keep
08:39 Scout Tower
08:40 Scout Tower
08:41 Scout Tower
08:43 Scout Tower
08:43 Scout Tower
08:45 Scout Tower
09:15 Arcane Tower
09:16 Guard Tower
09:33 Guard Tower
09:45 Guard Tower
10:57 Arcane Sanctum
11:01 Scout Tower
11:04 Scout Tower
11:19 Scout Tower
11:20 Scout Tower
11:21 Scout Tower
11:21 Scout Tower
11:47 Scout Tower
11:47 Scout Tower
11:48 Scout Tower
11:57 Guard Tower
12:04 Arcane Tower
12:05 Guard Tower
12:24 Guard Tower
12:33 Guard Tower
12:36 Arcane Tower
12:39 Guard Tower
13:22 Farm
13:46 Scout Tower
13:46 Scout Tower
13:48 Castle
13:50 Guard Tower
13:52 Scout Tower
13:52 Scout Tower
13:59 Farm
14:04 Scout Tower
14:05 Scout Tower
14:05 Scout Tower
14:20 Guard Tower
14:45 Guard Tower
15:07 Arcane Tower
15:08 Guard Tower
15:39 Guard Tower
15:52 Arcane Vault
16:44 Scout Tower
16:45 Scout Tower
16:48 Scout Tower
17:19 Guard Tower
18:24 Scout Tower
18:25 Scout Tower
18:35 Scout Tower
18:36 Scout Tower
18:37 Scout Tower
18:59 Guard Tower
19:09 Scout Tower
19:10 Scout Tower
19:13 Guard Tower
20:00 Arcane Tower
22:13 Arcane Tower
23:14 Scout Tower
23:15 Scout Tower
23:16 Scout Tower
23:16 Scout Tower
23:17 Scout Tower
23:17 Scout Tower
23:19 Scout Tower
23:20 Scout Tower
23:21 Scout Tower
23:21 Scout Tower
23:22 Scout Tower
23:22 Scout Tower
23:59 Guard Tower
24:21 Guard Tower
25:37 Guard Tower
26:12 Gryphon Aviary
26:14 Barracks
26:16 Blacksmith
29:19 Farm
29:27 Scout Tower
29:27 Scout Tower
29:28 Scout Tower
29:30 Scout Tower
29:31 Scout Tower
29:34 Scout Tower
29:35 Scout Tower
32:18 Guard Tower
37:16 Scout Tower
37:16 Scout Tower
37:17 Scout Tower
37:18 Scout Tower
37:18 Scout Tower
37:19 Scout Tower
39:14 Guard Tower
» items
| Scroll of Speed | 1 | |
| Healing Salve | 2 | |
| Orb of Lightning | 4 | |
| Scroll of Town Portal | 5 | |
| Staff of Sanctuary | 3 | |
| Orb of Fire | 1 | |
| Ivory Tower | 2 | |
| Potion of Healing | 1 | |
19 total
Nigersaurus (
purple | 96 APM | 5892 actions | 61:21)
8 Blademaster
3 Wind Walk
3 Critical Strike
1 Bladestorm
1 Mirror Image
» actions
| Assign group hotkey | 76 | |
| Basic commands | 22 | |
| Build / train | 119 | |
| ESC pressed | 7 | |
| Enter build submenu | 68 | |
| Enter hero's abilities submenu | 8 | |
| Give item / drop item | 8 | |
| Remove unit from queue | 1 | |
| Right click | 2945 | |
| Select / deselect | 626 | |
| Select group hotkey | 1600 | |
| Use ability | 410 | |
5892 total
» units
| Peon | 15 | |
| Troll Batrider | 39 | |
| Shaman | 4 | |
| Troll Witch Doctor | 6 | |
| Spirit Walker | 1 | |
65 total
» upgrades
| Liquid Fire | 1 | |
| Ranged Weapons | 3 | |
| Reinforced Defenses | 1 | |
| Witch Doctor Training | 3 | |
| Shaman Training | 2 | |
| Armor | 3 | |
| Spirit Walker Training | 2 | |
15 total
» buildings
| Altar of Storms | 1 | |
| Orc Burrow | 4 | |
| War Mill | 1 | |
| Voodoo Lounge | 1 | |
| Watch Tower | 67 | |
| Stronghold | 1 | |
| Fortress | 1 | |
| Beastiary | 2 | |
| Spirit Lodge | 1 | |
| Great Hall | 1 | |
80 total
» build order
00:10 Altar of Storms
00:20 Orc Burrow
00:53 War Mill
01:35 Orc Burrow
02:09 Voodoo Lounge
02:24 Watch Tower
02:56 Watch Tower
02:56 Watch Tower
03:02 Watch Tower
03:15 Watch Tower
04:26 Stronghold
04:36 Watch Tower
04:46 Watch Tower
05:10 Watch Tower
05:40 Watch Tower
05:58 Watch Tower
06:24 Watch Tower
06:43 Orc Burrow
06:47 Watch Tower
07:05 Fortress
07:09 Beastiary
07:18 Watch Tower
07:50 Watch Tower
08:01 Beastiary
08:06 Orc Burrow
09:44 Watch Tower
09:45 Watch Tower
11:06 Watch Tower
11:08 Watch Tower
13:12 Watch Tower
13:13 Watch Tower
13:15 Watch Tower
13:55 Watch Tower
13:55 Watch Tower
13:56 Watch Tower
13:57 Watch Tower
15:30 Spirit Lodge
15:44 Watch Tower
45:27 Watch Tower
45:27 Watch Tower
45:28 Watch Tower
45:29 Watch Tower
45:31 Watch Tower
45:32 Watch Tower
45:34 Watch Tower
45:35 Watch Tower
45:36 Watch Tower
45:37 Watch Tower
45:38 Watch Tower
45:38 Watch Tower
45:39 Watch Tower
45:40 Watch Tower
45:40 Watch Tower
45:42 Watch Tower
45:42 Watch Tower
45:44 Watch Tower
45:45 Watch Tower
46:52 Watch Tower
47:03 Watch Tower
47:49 Great Hall
48:02 Watch Tower
48:03 Watch Tower
48:29 Watch Tower
48:39 Watch Tower
48:39 Watch Tower
48:41 Watch Tower
49:05 Watch Tower
49:05 Watch Tower
49:47 Watch Tower
49:51 Watch Tower
49:54 Watch Tower
51:27 Watch Tower
51:27 Watch Tower
51:28 Watch Tower
51:29 Watch Tower
52:04 Watch Tower
52:10 Watch Tower
52:26 Watch Tower
52:27 Watch Tower
52:30 Watch Tower
» items
| Lesser Clarity Potion | 9 | |
| Healing Salve | 4 | |
| Scroll of Speed | 3 | |
| Scroll of Town Portal | 4 | |
| Potion of Healing | 5 | |
| Potion of Mana | 2 | |
27 total
team 2 (loser)

»
Elyzrid (
pink | 87 APM | 5306 actions | 61:19)
6 Death Knight
3 Death Coil
2 Unholy Aura
1 Animate Dead
5 Lich
3 Frost Nova
2 Dark Ritual
» actions
| Assign group hotkey | 65 | |
| Basic commands | 53 | |
| Build / train | 135 | |
| ESC pressed | 6 | |
| Enter build submenu | 26 | |
| Enter hero's abilities submenu | 12 | |
| Give item / drop item | 2 | |
| Right click | 2918 | |
| Select / deselect | 826 | |
| Select group hotkey | 997 | |
| Use ability | 265 | |
5306 total
» units
| Acolyte | 20 | |
| Ghoul | 13 | |
| Frost Wyrm | 14 | |
| Crypt Fiend | 7 | |
| Obsidian Statue | 1 | |
| Gargoyle | 1 | |
| Meatwagon | 3 | |
| Banshee | 4 | |
| Necromancer | 1 | |
64 total
» upgrades
| Creature Carapace | 3 | |
| Creature Attack | 3 | |
| Ghoul Frenzy | 1 | |
| Web | 1 | |
| Burrow | 1 | |
| Destroyer Form | 1 | |
| Unholy Strength | 2 | |
| Freezing Breath | 1 | |
| Banshee Training | 1 | |
| Necromancer Training | 1 | |
15 total
» buildings
| Crypt | 1 | |
| Altar of Darkness | 1 | |
| Ziggurat | 11 | |
| Halls of the Dead | 1 | |
| Graveyard | 1 | |
| Black Citadel | 3 | |
| Sacrificial Pit | 1 | |
| Boneyard | 3 | |
| Tomb of Relics | 1 | |
| Spirit Tower | 10 | |
| Necropolis | 1 | |
| Slaughterhouse | 1 | |
| Temple of the Damned | 1 | |
36 total
» build order
00:07 Crypt
00:11 Altar of Darkness
00:35 Ziggurat
01:15 Ziggurat
02:25 Halls of the Dead
04:25 Graveyard
05:12 Black Citadel
05:13 Black Citadel
05:41 Ziggurat
06:06 Sacrificial Pit
07:55 Boneyard
09:02 Boneyard
09:05 Boneyard
09:06 Tomb of Relics
09:56 Ziggurat
11:14 Ziggurat
11:41 Spirit Tower
14:22 Necropolis
16:14 Ziggurat
16:15 Ziggurat
16:17 Ziggurat
16:19 Ziggurat
17:17 Spirit Tower
17:17 Spirit Tower
17:18 Spirit Tower
17:19 Spirit Tower
17:19 Spirit Tower
21:48 Slaughterhouse
24:33 Ziggurat
26:55 Spirit Tower
27:58 Spirit Tower
27:59 Spirit Tower
28:01 Spirit Tower
51:26 Temple of the Damned
57:10 Ziggurat
» items
| Orb of Corruption | 1 | |
| Rod of Necromancy | 2 | |
| Potion of Healing | 7 | |
| Orb of Venom | 1 | |
| Scroll of Town Portal | 9 | |
| Scroll of Healing | 5 | |
| Potion of Mana | 1 | |
| Dust of Appearance | 2 | |
28 total

»
nickfun (
orange | 90 APM | 5493 actions | 61:17)
3 Demon Hunter
2 Mana Burn
1 Evasion
3 Pandaren Brewmaster
2 Breath of Fire
1 Drunken Haze
2 Priestess of the Moon
1 Scout
1 Trueshot Aura
» actions
| Assign group hotkey | 49 | |
| Basic commands | 18 | |
| Build / train | 155 | |
| ESC pressed | 36 | |
| Enter build submenu | 74 | |
| Enter hero's abilities submenu | 8 | |
| Give item / drop item | 6 | |
| Right click | 1943 | |
| Select / deselect | 1883 | |
| Select group hotkey | 939 | |
| Use ability | 382 | |
5493 total
» units
| Wisp | 68 | |
| Archer | 13 | |
| Mountain Giant | 4 | |
| Druid of the Talon | 12 | |
| Glaive Thrower | 11 | |
| Chimaera | 4 | |
112 total
» upgrades
| Reinforced Hides | 2 | |
| Nature's Blessing | 1 | |
| Resistant Skin | 1 | |
| Hardened Skin | 1 | |
| Improved Bows | 1 | |
| Backpack | 1 | |
| Druid of the Talon Training | 2 | |
| Vorpal Blades | 1 | |
| Strength of the Moon | 3 | |
| Marksmanship | 1 | |
| Moon Armor | 3 | |
| Corrosive Breath | 1 | |
| Strength of the Wild | 1 | |
19 total
» buildings
| Altar of Elders | 2 | |
| Moon Well | 15 | |
| Ancient of War | 2 | |
| Tree of Ages | 1 | |
| Hunter's Hall | 2 | |
| Tree of Life | 4 | |
| Ancient of Lore | 2 | |
| Ancient Protector | 31 | |
| Ancient of Wonders | 4 | |
| Tree of Eternity | 1 | |
| Ancient of Wind | 1 | |
| Chimaera Roost | 2 | |
67 total
» build order
00:05 Altar of Elders
00:10 Altar of Elders
00:19 Moon Well
00:34 Ancient of War
01:44 Moon Well
03:25 Tree of Ages
04:24 Hunter's Hall
04:26 Hunter's Hall
04:53 Moon Well
05:22 Tree of Life
06:12 Moon Well
06:33 Ancient of Lore
06:35 Ancient Protector
06:42 Ancient Protector
06:53 Moon Well
07:13 Ancient of Wonders
07:15 Moon Well
08:38 Tree of Eternity
09:16 Tree of Life
09:22 Ancient of Wind
09:32 Ancient of Lore
11:01 Ancient Protector
11:26 Ancient Protector
11:28 Ancient Protector
11:30 Ancient Protector
12:15 Ancient Protector
12:17 Ancient Protector
13:29 Ancient Protector
13:31 Ancient Protector
13:39 Ancient of Wonders
13:45 Ancient Protector
13:49 Ancient Protector
13:57 Ancient Protector
14:00 Ancient Protector
14:09 Ancient Protector
18:22 Ancient of War
18:36 Ancient Protector
18:43 Ancient Protector
18:50 Ancient Protector
18:53 Ancient Protector
19:24 Ancient Protector
19:25 Ancient Protector
19:27 Ancient Protector
20:23 Ancient Protector
20:26 Moon Well
20:27 Moon Well
20:29 Moon Well
20:30 Moon Well
21:00 Tree of Life
23:49 Ancient Protector
23:51 Ancient Protector
24:10 Ancient Protector
26:51 Tree of Life
27:32 Ancient Protector
27:34 Ancient Protector
27:45 Ancient Protector
27:46 Ancient Protector
27:51 Ancient Protector
32:20 Ancient of Wonders
37:51 Moon Well
39:16 Chimaera Roost
39:17 Chimaera Roost
39:30 Ancient of Wonders
49:02 Moon Well
49:03 Moon Well
49:05 Moon Well
49:06 Moon Well
» items
| Dust of Appearance | 1 | |
| Staff of Preservation | 2 | |
| Orb of Venom | 3 | |
| Scroll of Town Portal | 3 | |
| Potion of Healing | 2 | |
11 total
Chat log
(00:07 / Allies) Nigersaurus: cute
(00:16 / Allies) Nigersaurus: ya so i gues it best on hu but
(00:25 / Allies) Nigersaurus: u can sapper trees
(00:28 / Allies) MrFrosty: yeah
(00:31 / Allies) Nigersaurus: all it takes is 1 sapper to get raider in postition
(00:33 / Allies) MrFrosty: flames triek too
(00:58 / Allies) Nigersaurus: this gonna be GAY
(01:03 / Allies) MrFrosty: prob
(01:20 / Allies) MrFrosty: i might try to do a somewhat fast expand
(01:25 / Allies) Nigersaurus: g l
(01:28 / Allies) MrFrosty: yeah
(01:52 / Allies) Nigersaurus: wisp scouty
(01:56 / Allies) MrFrosty: a nubelf
(02:26 / Allies) MrFrosty: ps i played random in solo a few ggames and just did gimmick shit
(02:33 / Allies) MrFrosty: i got ne like 7/10 times
(02:36 / Allies) MrFrosty: ne ud
(02:38 / Allies) MrFrosty: ghulz
(03:08 / Allies) MrFrosty: ur fucked i think
(04:14 / Allies) Nigersaurus: crazy
(05:13 / Allies) Nigersaurus: t
(05:33 / Allies) Nigersaurus: ?
(05:34 / Allies) MrFrosty: possible creeped??
(05:49 / Allies) MrFrosty: nope
(05:55 / Allies) MrFrosty: just sending wisps to ud i guess
(06:29 / Allies) Nigersaurus: gay
(06:30 / Allies) Nigersaurus: healer
(06:52 / Allies) Nigersaurus: ?
(06:57 / Allies) Nigersaurus: sending a dude
(06:59 / Allies) Nigersaurus: to look
(07:43 / Allies) Nigersaurus: revealed me
(07:45 / Allies) Nigersaurus: soo
(07:46 / Allies) Nigersaurus: crystal
(07:57 / Allies) Nigersaurus: from the red? i was just there ugh
(08:10 / Allies) Nigersaurus: gay shit
(08:32 / Allies) Nigersaurus: lol
(09:35 / Allies) MrFrosty: o
(09:49 / Allies) Nigersaurus: what kinda gay shit is that
(10:18 / Allies) Nigersaurus: gayyyy
(10:21 / Allies) MrFrosty: ughhh brillisance
(10:27 / Allies) MrFrosty: crack ghouls
(10:30 / Allies) MrFrosty: tioer 3
(11:55 / Allies) Nigersaurus: mg
(12:45 / Allies) Nigersaurus: fuckk
(13:12 / Allies) MrFrosty: bat the elf expos
(13:17 / Allies) Nigersaurus: ill 1ce i heal
(13:23 / Allies) Nigersaurus: did he have fiends yet
(13:26 / Allies) Nigersaurus: i didnt really get a look
(13:36 / Allies) MrFrosty: 1 in his base
(13:43 / Allies) MrFrosty: going wyrms though
(14:46 / Allies) Nigersaurus: elf hero in expo
(14:53 / Allies) MrFrosty: with orb
(14:54 / Allies) Nigersaurus: o fuck
(16:23 / Allies) Nigersaurus: god
(16:24 / Allies) MrFrosty: the elf is mining all of that in upkeep for sure atleast
(16:25 / Allies) Nigersaurus: what a bunch of shit
(16:31 / Allies) Nigersaurus: he got my book
(16:34 / Allies) Nigersaurus: items full ughh
(16:34 / All) MrFrosty: ugh
(16:38 / Allies) Nigersaurus: i got exp tome tho
(17:09 / Allies) Nigersaurus: shade
(17:13 / Allies) MrFrosty: yeah
(17:18 / Allies) Nigersaurus: im getting a doc
(18:07 / Allies) Nigersaurus: gay
(18:09 / Allies) Nigersaurus: i hit tp but w./e
(18:44 / Allies) Nigersaurus: imo start massing tower for when they finally push
(18:52 / Allies) Nigersaurus: tho not alot of wood it seems
(20:28 / Allies) MrFrosty: that was my scan
(20:37 / Allies) MrFrosty: oh owl scout
(20:37 / Allies) Nigersaurus: owl
(20:38 / Allies) Nigersaurus: lol
(20:39 / Allies) MrFrosty: tri hero1
(20:44 / All) Nigersaurus: nice glaive scout
(20:51 / Allies) MrFrosty: ud near me
(21:12 / Allies) Nigersaurus: going to 100 food i think
(21:45 / Allies) Nigersaurus: dispell
(21:48 / Allies) Nigersaurus: err nvm
(22:57 / Allies) Nigersaurus: scan elf base
(23:16 / All) nickfun: ffa?
(23:21 / All) Nigersaurus: ok u first
(23:51 / Allies) Nigersaurus: scan
(25:10 / Allies) MrFrosty: fuck off
(25:23 / Allies) Nigersaurus: pot here
(25:52 / Allies) Nigersaurus: invis me tia
(25:59 / Allies) MrFrosty: i can amke some hawks soon
(26:02 / Allies) MrFrosty: and mk nearly 3
(26:06 / Allies) Nigersaurus: kk
(26:15 / Allies) Nigersaurus: shade?
(27:24 / Allies) Nigersaurus: man i wish i had spin
(27:25 / Allies) Nigersaurus: is ur am back
(27:28 / Allies) MrFrosty: yeah
(27:31 / Allies) Nigersaurus: lets rape dis
(27:34 / Allies) Nigersaurus: hes done mining anyways
(27:37 / Allies) MrFrosty: k
(27:45 / Allies) Nigersaurus: gonna need to tp tho ofc
(27:49 / Allies) MrFrosty: ofc
(27:54 / Allies) MrFrosty: always do on this map
(28:13 / Allies) Nigersaurus: ignore them
(28:19 / Allies) Nigersaurus: they just garuding that bse
(28:24 / Allies) Nigersaurus: if they tp here ill use bats there
(28:26 / Allies) Nigersaurus: scan
(28:56 / Allies) Nigersaurus: that
(28:57 / Allies) Nigersaurus: was
(28:59 / Allies) Nigersaurus: gay
(29:04 / Allies) MrFrosty: yes
(29:20 / All) nickfun: lollers
(29:24 / All) Nigersaurus: ^______^
(29:30 / All) nickfun: your out of gold
(29:33 / All) Nigersaurus: yes
(29:36 / All) Nigersaurus: yes i am
(29:40 / All) MrFrosty: no gold saved what so ever
(29:45 / All) MrFrosty: we wasted it all on units!
(29:46 / All) nickfun: yes youve banked up alot
(29:53 / All) Elyzrid: We still mining
(29:58 / All) Nigersaurus: nice job
(30:07 / Allies) MrFrosty: ugh still 8.7k in that mine is gay tbqh
(30:16 / Allies) MrFrosty: and i cant harrass without spending gold tbqh
(30:26 / Allies) Nigersaurus: 14000
(30:27 / Allies) Nigersaurus: still
(30:28 / Allies) Nigersaurus: lol
(30:34 / Allies) MrFrosty: thats
(30:36 / Allies) MrFrosty: fucked
(30:38 / Allies) MrFrosty: nightelf
(30:44 / Allies) MrFrosty: just move that one you were mining with lol!
(30:58 / Allies) Nigersaurus: at least elf heroes are shit
(31:03 / Allies) Nigersaurus: 3/2/1
(31:05 / All) nickfun: how much gold you on
(31:06 / All) nickfun: just curious
(31:09 / All) Nigersaurus: 42
(31:11 / All) Nigersaurus: 000
(31:12 / All) nickfun: 42k?
(31:17 / All) nickfun: yah your lying rofl
(31:20 / All) nickfun: flail
(31:21 / All) Nigersaurus: LOL!
(31:23 / All) Elyzrid: not 42000 in mines
(31:24 / All) Elyzrid: lol
(31:50 / Allies) Nigersaurus: gimme control for scans
(31:54 / Allies) Nigersaurus: so i can kill shades easier
(32:02 / Allies) MrFrosty: tbh the ud heroes arent anything special either
(32:50 / Allies) Nigersaurus: seige
(33:02 / All) Nigersaurus: nice dott
(35:11 / Allies) MrFrosty: not mining
(35:12 / Allies) MrFrosty: so gay
(35:55 / Allies) Nigersaurus: ughh
(38:33 / Allies) Nigersaurus: god
(38:35 / Allies) Nigersaurus: great fucking time
(38:36 / Allies) Nigersaurus: to tab out
(38:37 / Allies) MrFrosty: 5 dk
(38:38 / Allies) MrFrosty: t t
(38:39 / Allies) MrFrosty: what
(38:41 / Allies) Nigersaurus: christ
(38:48 / Allies) Nigersaurus: accidentally hit
(38:49 / Allies) Nigersaurus: alt
(38:50 / Allies) Nigersaurus: ta b
(38:52 / Allies) MrFrosty: oh
(38:57 / Allies) Nigersaurus: instead of alt
(38:59 / Allies) Nigersaurus: then hitting 1
(39:05 / Allies) Nigersaurus: of course
(39:43 / Allies) Nigersaurus: haha?
(41:27 / All) Elyzrid: You know orbs don't stack right?
(41:58 / All) Nigersaurus: you know
(41:59 / All) Nigersaurus: you lost
(42:01 / All) Nigersaurus: right
(42:11 / Allies) Nigersaurus: ughh
(42:24 / Allies) Nigersaurus: if that stun went off a lil sooner
(42:56 / All) MrFrosty: good staff
(43:02 / Allies) Nigersaurus: haha
(43:14 / Allies) MrFrosty: heroes getting real dangerous
(43:16 / Allies) Nigersaurus: kill this i guess
(43:20 / Allies) Nigersaurus: ya
(43:22 / Allies) Nigersaurus: they are fucked now
(43:24 / All) nickfun: yes thats right
(43:26 / Allies) Nigersaurus: storm and you almost got 5/5/5
(43:30 / All) nickfun: i still have 12.5k gold to mine
(43:32 / All) nickfun: AT 50 POP
(43:34 / All) MrFrosty: cool,
(43:36 / All) nickfun: HOLY BATSHIt
(43:39 / All) Nigersaurus: you still got 12500 gold to lose
(43:40 / All) Elyzrid: i have 12.5k gold saved, so stfu
(43:53 / All) MrFrosty: you guys have amde good use ofg odl so far
(44:00 / All) nickfun: so have you
(44:38 / All) MrFrosty: good luck mining that gold
(44:46 / All) nickfun: loLS
(45:04 / All) MrFrosty: uh oh theres pinks mine gone
(45:06 / Allies) Nigersaurus: ill try to tower if
(45:08 / Allies) Nigersaurus: if u feed me
(45:10 / All) nickfun: OH MY LAWDS
(45:12 / All) nickfun: I STILL HAVE 5K
(45:18 / All) MrFrosty: oh god
(45:19 / All) Nigersaurus: welp
(45:19 / All) MrFrosty: 5k???
(45:20 / Allies) Nigersaurus: scan
(45:22 / All) nickfun: RUNS?
(45:27 / All) MrFrosty: you can lose like 10 more heroes with that
(45:35 / All) nickfun: wathc
(45:39 / All) nickfun: IM walking 10 aps over to that xpo now
(45:47 / Allies) MrFrosty: hahaha
(45:49 / All) Nigersaurus: free exp
(45:53 / Allies) MrFrosty: thanks for the warning!!!
(45:53 / All) nickfun: roffel
(45:58 / All) Nigersaurus: turn back nubs
(46:25 / All) Nigersaurus: nice dh
(46:56 / Allies) MrFrosty: what
(46:57 / Allies) MrFrosty: ugh
(47:05 / All) Nigersaurus: my expo now
(47:12 / All) Nigersaurus: i still got 11600 gold to mine
(47:28 / Allies) Nigersaurus: gold tia
(47:57 / Allies) MrFrosty: 5 pally
(48:27 / All) Nigersaurus: thanks for saving this mine for me oragne
(48:27 / Allies) MrFrosty: healing up etc
(48:49 / Allies) MrFrosty: a few wyrmz
(48:56 / Allies) Nigersaurus: ya i got more bats coming
(49:19 / Allies) MrFrosty: these guys would be ranked rpetty high
(49:25 / All) nickfun: :D
(49:58 / All) Nigersaurus: :)
(51:44 / Allies) Nigersaurus: well
(51:45 / Allies) MrFrosty: o w n e d.
(51:47 / Allies) Nigersaurus: now you can teleport aroujnd
(51:50 / Allies) MrFrosty: yah
(52:03 / Allies) MrFrosty: banshees tt
(52:06 / Allies) Nigersaurus: lol
(52:14 / Allies) MrFrosty: annoying v nuke tbqh
(52:17 / Allies) Nigersaurus: and bats
(52:18 / Allies) Nigersaurus: but still
(52:21 / Allies) Nigersaurus: its kinda late!
(52:39 / All) Nigersaurus: i heart banshees are really good vs lvl 6 pala
(52:42 / All) Nigersaurus: heard!
(52:50 / All) nickfun: meh we got noobed
(52:53 / All) nickfun: happens once in a while
(52:57 / All) Elyzrid: is a cake
(53:09 / All) Nigersaurus: Man
(53:10 / All) Nigersaurus: its ok
(53:15 / All) Nigersaurus: i know you guys didnt really want to win this game anyways
(53:26 / All) nickfun: fail
(53:30 / All) Nigersaurus: o shit
(53:50 / All) Nigersaurus: run lil bitch
(54:10 / Allies) MrFrosty: wyrms too fucking big
(55:04 / Allies) MrFrosty: haha welp
(56:00 / Allies) Nigersaurus: i hit tp
(56:01 / Allies) Nigersaurus: really i did
(56:04 / Allies) MrFrosty: tt
(56:05 / All) Nigersaurus: well fuck
(56:05 / All) Elyzrid: oh shit outsmarted
(56:06 / All) Nigersaurus: im out of gold
(56:14 / All) Elyzrid: you gotta be fkn kidding me
(56:17 / All) Elyzrid: you spent that much?
(56:21 / All) Nigersaurus: gg guys
(56:22 / All) Nigersaurus: we loose
(56:27 / Allies) Nigersaurus: lol
(56:28 / Allies) MrFrosty: lol
(56:28 / All) Elyzrid: you seriously spent
(56:31 / All) Elyzrid: all your gold so far?
(56:40 / All) Nigersaurus: all of it
(56:42 / All) Nigersaurus: plus more
(57:22 / Allies) MrFrosty: lol he stopped making banshess after i killed that one
(58:50 / Allies) Nigersaurus: rape
(58:56 / Allies) MrFrosty: get dott
(59:06 / All) Nigersaurus: hi
(59:59 / Allies) Nigersaurus: ams?
(60:07 / Allies) MrFrosty: jesus
(60:10 / Allies) Nigersaurus: another banshee
(60:26 / Allies) Nigersaurus: ahha
(60:55 / Allies) MrFrosty: cant see shit
(60:57 / Allies) MrFrosty: all the way zoomed in
(61:03 / Allies) Nigersaurus: loool
(61:04 / All) Nigersaurus: hahahahah
(61:14 / All) Elyzrid: gg
(61:15 / All) Elyzrid: my ally
(61:18 / All) Elyzrid: is a retard